 Dungeon Crawl Stone Soup version 0.24.0-2-g5b39cebb1c (webtiles) character file.

Game seed: 12692786553998074887, levelgen mode: deterministic

3204 Mrkan the Grappler (level 9, -2/90 (91) HPs)
             Began as a Troll Monk on Oct 31, 2019.
             Was an Elder of Kikubaaqudgha.
             Slain by a yak (17 damage)
             ... on level 8 of the Dungeon.
             The game lasted 00:14:15 (6797 turns).

Mrkan the Grappler (Troll Monk)                     Turns: 6797, Time: 00:14:15

HP:   -2/90 (91)    AC:  6    Str: 21    XL:     9   Next: 65%
MP:   8/8           EV: 10    Int:  9    God:    Kikubaaqudgha [****..]
Gold: 195           SH:  5    Dex: 12    Spells: 7/8 levels left

rFire    . . .     SeeInvis .     - Unarmed
rCold    . . .     Gourm    +   (no shield)
rNeg     . . .     Faith    .   a - +0 robe
rPois    .         Spirit   .   (helmet restricted)
rElec    .         Reflect  +   D - scarf {repulsion}
rCorr    .         Harm     .   (gloves unavailable)
MR       .....                  (boots unavailable)
Stlth    +.........             s - +5 amulet of reflection
HPRegen  0.65/turn              u - ring of wizardry
MPRegen  0.11/turn              (no ring)

@: lightly drained, repel missiles
A: large, unfitting armour, claws 3, fast metabolism 3, gourmand, regeneration
1, shaggy fur 1, tough skin 3
a: Receive Corpses, Renounce Religion


You were on level 8 of the Dungeon.
You worshipped Kikubaaqudgha.
Kikubaaqudgha was greatly pleased with you.
You were very full.

You visited 1 branch of the dungeon, and saw 8 of its levels.
You also visited: Bailey.

You collected 363 gold pieces.
You spent 168 gold pieces at shops.

Inventory:

Armour
 a - a +0 robe (worn)
 D - a scarf of repulsion (worn)
Jewellery
 h - an uncursed ring of ice
 s - a +5 amulet of reflection (around neck)
 u - a ring of wizardry (left claw)
Wands
 t - a wand of acid (7)
 v - a wand of paralysis (6)
Scrolls
 d - a scroll of fog
 f - a scroll of amnesia
 l - a scroll of magic mapping
 q - 3 scrolls of enchant armour
 w - 2 scrolls of remove curse
 x - 4 scrolls of teleportation
Potions
 c - 2 potions of lignification {unknown}
 e - 2 potions of heal wounds {unknown}
 g - 2 potions of curing {unknown}
 k - 2 potions of haste {unknown}
 m - 3 potions of ambrosia
 p - 3 potions of berserk rage
 r - a potion of might {unknown}
 z - 2 potions of magic {unknown}
 A - a potion of mutation {unknown}
 F - 4 potions of flight
Comestibles
 b - 13 rations


   Skills:
 + Level 6.3(6.0) Fighting
 - Level 2.4(2.1) Dodging
 - Level 1.0(0.7) Stealth
 * Level 10.3(10.0) Unarmed Combat
 + Level 5.1(4.8) Necromancy


You had 7 spell levels left.
You knew the following spells:

 Your Spells              Type           Power        Failure   Level  Hunger
a - Animate Skeleton      Necr           N/A          2%          1    ##.....

Your spell library contained the following spells:

 Spells                   Type           Power        Failure   Level  Hunger
 Pain                     Necr           #...         2%          1    ##.....
 Sublimation of Blood     Necr           #.........   3%          2    ###....
 Confusing Touch          Hex            #.....       16%         1    ##.....
 Regeneration             Chrm/Necr      #.........   17%         3    ####...
 Animate Dead             Necr           N/A          22%         4    #####..
 Confuse                  Hex            #.......     43%         3    ####...
 Gell's Gravitas          Tloc           #.........   43%         3    ####...
 Dispel Undead            Necr           #.......     50%         5    ######.
 Petrify                  Tmut/Erth      #.......     82%         4    #####..
 Bolt of Draining         Conj/Necr      #.........   82%         5    ######.
 Excruciating Wounds      Chrm/Necr      #.........   82%         5    ######.
 Metabolic Englaciation   Hex/Ice        #.........   98%         5    ######.
 Yara's Violent Unravell  Hex/Tmut       #.........   98%         5    ######.
 Simulacrum               Ice/Necr       #.........   100%        6    #######


Dungeon Overview and Level Annotations

Branches:
Dungeon (8/15)             Temple (0/1) D:6          Bailey (visited)
   Lair: D:8-11

Altars:
Cheibriados
Kikubaaqudgha
Nemelex Xobeh
Trog
Uskayaw
The Shining One

Shops:
D:5 (   D:7 [

Annotations:
D:8 Maurice


Innate Abilities, Weirdness & Mutations

You are too large for most types of armour.
You have claws for hands.
Your metabolism is lightning-fast.
You like to eat raw meat.
Your natural rate of healing is unusually fast.
You are covered in fur. (AC +1)
You have extremely tough skin. (AC +3)


Message History

The yak barely misses you.
You mangle the yak!!
You kill the yak!
Kikubaaqudgha accepts your kill. The yak gores you but does no damage.
You block the big kobold's attack. The yak gores you!
* * * LOW HITPOINT WARNING * * *
The big kobold barely misses you.
You scratch the yak.
The yak is lightly wounded.
The yak closely misses you.
The big kobold hits you but does no damage.
You scratch the yak but do no damage. You claw the yak!!
The yak is heavily wounded.
You block the yak's attack. The big kobold completely misses you.
You barely miss the big kobold.
The big kobold is severely wounded.
The yak gores you!
You die...
Kikubaaqudgha rasps: "You have failed me!
Welcome... death!"

###..#############.#
#####...##,,+.P≈PP##...#
.......##*,,#≈≈≈≈P#....#
####....##+##P≈P.≈#..###
.#####...#..#.....#.##
..## ##..#..'%.%.().#
...## *#.#..'.%P..###
....# *##%.'..KY≈# ....#
*,#%.#..(@.# ....#
*,*#*####### ....#
**,,,,,,,,,** ...##
*,,,,,,,,,,,* ...#
*,,,,,,,,,,,* ..##
*,,,,,,,,,,,* ###
**,,,,,,,,,,,*
*,,,,,,,,,,,** **
*,,,,,,,,,***


You could see a yak and a big kobold.

Vanquished Creatures
  2 dream sheep (D:8)
  A yak (D:8)
  A steam dragon (D:7)
  A water moccasin (D:5)
  A black bear (D:5)
  An ice beast (D:7)
  2 phantoms
  A necrophage (D:8)
  2 centaurs (D:7)
  5 ogres
  A big kobold (D:8)
  2 bullfrogs
  5 scorpions
  2 howler monkeys (D:7)
  2 centaur zombies
  Ijyb (D:4)
  3 hounds
  4 orc wizards
  Natasha (thrice) (D:2)
  Terence (D:2)
  6 worker ants
  A howler monkey zombie (D:6)
  A worker ant zombie (D:7)
  17 gnolls
  9 adders
  An ooze (D:5)
  An adder skeleton (D:5)
  An adder zombie (D:5)
  3 worms
  3 dart slugs
  8 leopard geckos
  16 orcs
  4 giant cockroaches
  9 goblins
  3 hobgoblins
  10 jackals
  8 kobolds
  A quokka (D:6)
  3 ball pythons
  9 bats
  4 frilled lizards
  8 rats
167 creatures vanquished.

Vanquished Creatures (others)
  A wizard (D:4)
1 creature vanquished.

Grand Total: 168 creatures vanquished

Notes
Turn   | Place    | Note
-------+----------+-------------------------------------------
     0 | D:1      | Mrkan the Troll Monk began the quest for the Orb.
     0 | D:1      | Reached XP level 1. HP: 22/22 MP: 0/0
   312 | D:1      | Reached XP level 2. HP: 29/29 MP: 1/1
   937 | D:2      | Noticed Natasha
   941 | D:2      | Killed Natasha
   941 | D:2      | Reached skill level 4 in Unarmed Combat
   941 | D:2      | Reached XP level 3. HP: 27/36 MP: 2/2
  1152 | D:2      | Reached XP level 4. HP: 45/45 MP: 3/3
  1157 | D:2      | Noticed Natasha
  1163 | D:2      | Killed Natasha
  1178 | D:2      | Noticed Terence
  1194 | D:2      | Killed Terence
  1216 | D:2      | Found a sparkling altar of Nemelex Xobeh.
  1262 | D:2      | Found an ancient bone altar of Kikubaaqudgha.
  1269 | D:2      | Became a worshipper of Kikubaaqudgha
  1269 | D:2      | Reached * piety under Kikubaaqudgha
  1269 | D:2      | Identified Kikubaaqudgha's Incunabulum of Evil
                  | (Kikubaaqudgha gifted it to you on level 2 of the Dungeon)
  1269 | D:2      | Received a gift from Kikubaaqudgha
  1269 | D:2      | Reached ** piety under Kikubaaqudgha
  1275 | D:2      | Learned a level 1 spell: Animate Skeleton
  1439 | D:2      | Reached XP level 5. HP: 49/53 MP: 4/4
  1443 | D:2      | Reached skill level 5 in Unarmed Combat
  1453 | D:2      | Found a glowing golden altar of the Shining One.
  1595 | D:2      | Noticed Natasha
  1604 | D:2      | Killed Natasha
  2083 | D:3      | Reached skill level 1 in Necromancy
  2455 | D:3      | Reached XP level 6. HP: 36/62 MP: 5/5
  2601 | D:3      | Reached skill level 6 in Unarmed Combat
  2788 | D:4      | Reached XP level 7. HP: 52/70 MP: 6/6
  2855 | D:4      | Noticed Ijyb
  2867 | D:4      | Killed Ijyb
  2868 | D:4      | HP: 2/70 [orc/+0 club (7)]
  2883 | D:4      | HP: 3/70 [orc/+0 flail (2)]
  2960 | D:4      | Reached *** piety under Kikubaaqudgha
  2960 | D:4      | Identified Kikubaaqudgha's Guide on Darkness (Kikubaaqudgha
                  | gifted it to you on level 4 of the Dungeon)
  2960 | D:4      | Received a gift from Kikubaaqudgha
  3218 | D:4      | Reached skill level 7 in Unarmed Combat
  3379 | D:4      | Found a bloodstained altar of Trog.
  3380 | D:4      | Noticed a wizard
  3387 | D:4      | Killed a wizard
  3518 | D:5      | Entered Level 5 of the Dungeon
  3720 | D:5      | Reached XP level 8. HP: 79/79 MP: 7/7
  3898 | D:5      | Found Royweot's Antique Weapon Shoppe.
  4144 | D:5      | Reached skill level 5 in Fighting
  4144 | D:5      | Reached skill level 8 in Unarmed Combat
  5067 | D:6      | Reached **** piety under Kikubaaqudgha
  5100 | D:6      | Found a snail-covered altar of Cheibriados.
  5241 | D:6      | Found a staircase to the Ecumenical Temple.
  5330 | D:6      | Found a hide-covered altar of Uskayaw.
  5721 | D:6      | Reached skill level 9 in Unarmed Combat
  5945 | D:7      | Found Nedd's Armour Shop.
  5953 | D:7      | Bought a scarf of repulsion for 168 gold pieces
  5974 | D:7      | Reached XP level 9. HP: 64/88 MP: 8/8
  6393 | D:7      | Found a flagged portal.
  6420 | Bailey   | Entered a bailey
  6607 | D:8      | Noticed Maurice
  6773 | D:8      | Reached skill level 10 in Unarmed Combat
  6785 | D:8      | Reached skill level 5 in Necromancy
  6797 | D:8      | Slain by a yak

Levels and vault maps discovered:
D:1:      dpeg_arrival_simpleton_b, layout_loops_corners
D:2:      layout_basic, marbit_many_paths, nicolae_overflow_crystal_walls,
          tso_metal_star, uniq_terence, uniq_natasha
D:3:      layout_loops_ring, first_ration
D:4:      layout_cave_pools, trog_wizard, uniq_ijyb
D:5:      layout_layer_cave, serial_shops, nicolae_shop_crystal
D:6:      layout_basic, cheibriados_altar_1, old_standard_altar, temple_hall
D:7:      layout_basic, enter_bailey_7, serial_shops, shop
D:8:      layout_cave_pods, hangedman_ranch [blue_anna_fruit_fields],
          hangedman_misty_isle, uniq_maurice, uniq_joseph

Skill      XL: |  1  2  3  4  5  6  7  8  9 |
---------------+----------------------------+-----
Unarmed Combat | 4 5 6 7 9 10 | 10.3
Fighting       | 3 4 5 6 |  6.3
Necromancy     | 1 2 4 5 |  5.1
Dodging        | |  2.4
Stealth        | |  1.0

Action                   |  1- 3 |  4- 6 |  7- 9 || total
-------------------------+-------+-------+-------++-------
Melee: Unarmed           |    75 |   145 |   266 ||   486
       Punch             |       |     4 |    11 ||    15
  Use: Scroll            |       |       |    11 ||    11
 Stab: Sleeping          |     2 |     6 |     5 ||    13
  Eat: Chunk             |    16 |    15 |    36 ||    67
Armor: Robe              |    37 |    38 |    82 ||   157
Dodge: Dodged            |    48 |    77 |   155 ||   280
       Deflected         |       |       |    36 ||    36
Block: Other             |       |       |     8 ||     8
